 Dungeon Crawl Stone Soup version 0.21.1-1-g345015fe64 (webtiles) character file.

58 Fascinator the Grave Robber (level 3, -2/26 HPs)
             Began as a Mummy Necromancer on July 29, 2018.
             Slain by an ice beast (4 damage)
             ... on level 2 of the Dungeon.
             The game lasted 00:04:24 (1546 turns).

Fascinator the Grave Robber (Mummy Necromancer)     Turns: 1546, Time: 00:04:24

Health: -2/26      AC:  3    Str: 11    XL:     3   Next: 76%
Magic:  0/8        EV: 12    Int: 15    God:
Gold:   80         SH:  0    Dex: 12    Spells: 8/9 levels left

rFire    x . .     SeeInvis .   f - +0 short sword
rCold    + . .     Gourm    .   (no shield)
rNeg     + + +     Faith    .   a - +0 robe
rPois    ∞         Spirit   .   (no helmet)
rElec    .         Reflect  .   (no cloak)
rCorr    .         Harm     .   (no gloves)
MR       .....                  l - +0 pair of boots
Stlth    ++........             (no amulet)
HPRegen  0.08/turn              (no ring)
MPRegen  0.11/turn              (no ring)

@: very slightly contaminated
A: no food or potions, fire vulnerability, cold resistance 1, negative energy
resistance 3, torment resistance, unbreathing
a: no special abilities


You were on level 2 of the Dungeon.
You were not hungry.

You visited 1 branch of the dungeon, and saw 2 of its levels.

You collected 80 gold pieces.

Inventory:

Hand Weapons
 f - a +0 short sword (weapon)
Armour
 a - a +0 robe (worn)
 l - a +0 pair of boots (worn)
Jewellery
 c - a cursed amulet of inaccuracy {unknown}
 h - an uncursed amulet of harm {unknown}
 i - a cursed -5 ring of protection {unknown}
Scrolls
 d - 3 scrolls of remove curse {unknown}
 e - a scroll of immolation {unknown}
 g - 5 scrolls of identify {unknown}
 j - a scroll of fog {unknown}
 k - a scroll of teleportation {unknown}
Books
 b - a book of Necromancy

   Spells                             Type                      Level
   a - Pain                           Necromancy                   1
   b - Animate Skeleton               Necromancy                   1
   c - Vampiric Draining              Necromancy                   3
   d - Regeneration                   Charms/Necromancy            3
   e - Animate Dead                   Necromancy                   4
   f - Borgnjor's Vile Clutch         Necromancy/Earth             5


   Skills:
 * Level 1.0 Fighting
 + Level 1.5 Dodging
 + Level 1.6 Stealth
 + Level 3.9 Spellcasting
 + Level 4.6 Necromancy


You had 8 spell levels left.
You knew the following spells:

 Your Spells              Type           Power        Failure   Level  Hunger
a - Pain                  Necr           ###.         2%          1    N/A

Dungeon Overview and Level Annotations

Branches:
Dungeon (2/15)

Altars:


Innate Abilities, Weirdness & Mutations

You do not eat or drink.
Your flesh is vulnerable to fire.
You are immune to poison.
Your flesh is cold resistant. (rC+)
You are immune to negative energy. (rN+++)
You are immune to unholy pain and torment.
You can survive without breathing.


Message History

Press: ? - help, Shift-Dir - straight line, f/p - ice beast
Aim: an ice beast (severely wounded, chance to defeat MR: 76%)
The ice beast writhes in agony!
The ice beast hits you but does no damage.
You closely miss the ice beast.
The ice beast is severely wounded.
The ice beast hits you. The ice beast freezes you. You resist.
You hit the ice beast.
The ice beast is almost dead.
The ice beast misses you.
You closely miss the ice beast.
The ice beast is almost dead.
The ice beast hits you.
* * * LOW HITPOINT WARNING * * *
The ice beast freezes you. You resist.
* * * LOW HITPOINT WARNING * * *
You closely miss the ice beast.
The ice beast is almost dead.
The ice beast hits you.
You die...

#..#...# #...##.#
#..#.### ###.##.# #....#
#....# ########..###
###..# ..........# .. ..
#..#
########..###.###.###..#
#....# ... #....#
#....###Y###..#.#
###....#@#).....#
#.##.#.#.####.#
#.##.....# .# #.##..####
.# #.##.## .#
###########.##.########
...<...)...............
##..........###########
############


You could see an ice beast.

Vanquished Creatures
  2 adders (D:2)
  A worm (D:2)
  6 giant cockroaches
  5 goblins
  5 hobgoblins
  2 jackals (D:1)
  6 bats
  3 frilled lizards
  5 kobolds
  2 rats
37 creatures vanquished.

Notes
Turn   | Place    | Note
-------+----------+-------------------------------------------
     0 | D:1      | Fascinator the Mummy Necromancer began the quest for the Orb.
     0 | D:1      | Reached XP level 1. HP: 13/13 MP: 4/4
   192 | D:1      | Reached XP level 2. HP: 14/19 MP: 0/5
   935 | D:2      | Reached XP level 3. HP: 25/25 MP: 3/7
  1128 | D:2      | Reached skill level 1 in Fighting
  1531 | D:2      | Noticed an ice beast
  1545 | D:2      | HP: 1/26 [ice beast (6)]
  1546 | D:2      | Slain by an ice beast

Skill      XL: |  1  2  3 |
---------------+----------+-----
Spellcasting   | 3 |  3.9
Fighting       | 1 |  1.0
Dodging        | |  1.5
Stealth        | |  1.6
Necromancy     | |  4.6

Action                   || total
-------------------------++-------
Melee: Unarmed           ||    13
       Short sword       ||    26
 Cast: Pain              ||    67
Armor: Robe              ||    14
Dodge: Dodged            ||    25
